 Dungeon Crawl Stone Soup version 0.21-a0-140-g479285b (webtiles) character file.

2500400 Dynast the Axe Maniac (level 27, 286/286 HPs)
             Began as a Naga Wanderer on July 21, 2017.
             Was an Initiate of Gozag.
             Escaped with the Orb
             ... and 4 runes!
             The game lasted 03:32:57 (66907 turns).

Dynast the Axe Maniac (Naga Wanderer)              Turns: 66907, Time: 03:32:58

Health: 286/286    AC: 58    Str: 35    XL:     27
Magic:  28/28      EV:  4    Int: 10    God:    Gozag
Gold:   1186       SH: 33    Dex: 17    Spells: 20/30 levels left

rFire    + + .     SeeInvis +   b - +9 broad axe (chop)
rCold    + + +     Gourm    .   J - +7 large shield {AC+3}
rNeg     + + .     Faith    .   Q - +9 scales of the Dragon King {rPois rF+ rC+ MR+}
rPois    +         Spirit   .   Z - -2 hat of the Alchemist {rElec rPois rF+ rC+ rN+ MR+ rMut rCorr}
rElec    +         Reflect  .   j - +1 cloak {+Inv}
rCorr    +         Harm     .   x - +2 pair of gloves {Dex+3}
rMut     +                      y - +3 naga barding of Ixzuc {rN+ Str+3 Int-5 Dex+3}
MR       +++++                  f - amulet of regeneration
Stlth    ..........             c - +4 ring of strength
HPRegen  0.97/turn              K - ring "Qeogiov" {rC+ Str+5 Stlth+}
MPRegen  0.21/turn

@: gold aura, very slightly contaminated, very slow
A: horns 1, stinger 1, thin metallic scales 1, yellow scales 1, see invisible,
deformed body, deterioration 1, low mp 1, poison resistance, slowness 2, slow
metabolism 1, spit poison 1, weak 1, evolution 1, constrict 1, AC +9
0: Orb of Zot
}: 4/15 runes: barnacled, slimy, silver, gossamer
a: Spit Poison, Potion Petition, Call Merchant, Bribe Branch, Renounce Religion,
Evoke Invisibility


You escaped.
You worshipped Gozag.
Gozag was most pleased with you.
You were very full.

You visited 12 branches of the dungeon, and saw 58 of its levels.
You visited the Abyss 1 time.
You visited 1 bazaar.
You also visited: Ice Cave.

You collected 33141 gold pieces.
You spent 10627 gold pieces at shops.
You paid 21328 gold pieces to Gozag.

Inventory:

Hand Weapons
 b - a +9 broad axe of chopping (weapon)
Armour
 j - a +1 cloak of invisibility (worn)
 x - a +2 pair of gloves of dexterity (worn)
 y - the +3 naga barding of Ixzuc (worn) {rN+ Str+3 Int-5 Dex+3}
   (You acquired it on level 1 of the Lair of Beasts)

   It affects your strength (+3).
   It affects your intelligence (-5).
   It affects your dexterity (+3).
   It protects you from negative energy.
 J - a +7 large shield of protection (worn)
 Q - the +9 scales of the Dragon King (worn) {rPois rF+ rC+ MR+}
   (You found it on level 3 of the Elven Halls)

   It protects you from fire.
   It protects you from cold.
   It protects you from poison.
   It affects your resistance to hostile enchantments.
 Z - the -2 hat of the Alchemist (worn) {rElec rPois rF+ rC+ rN+ MR+ rMut rCorr}
   (You found it on level 4 of the Depths)

   It protects you from fire.
   It protects you from cold.
   It insulates you from electricity.
   It protects you from poison.
   It protects you from negative energy.
   It affects your resistance to hostile enchantments.
   It protects you from acid and corrosion.
   It protects you from mutation.
Jewellery
 c - a +4 ring of strength (left hand)
 f - an amulet of regeneration (around neck)
 m - an uncursed ring of ice
 K - the ring "Qeogiov" (right hand) {rC+ Str+5 Stlth+}
   (You acquired it on level 1 of the Lair of Beasts)

   [ring of protection from cold]

   It affects your strength (+5).
   It protects you from cold.
   It makes you more stealthy.
Wands
 i - a wand of iceblast (3/15)
 w - a wand of clouds (5/9)
 E - a wand of digging (9/24)
 U - a wand of scattershot (3/9)
 Y - a wand of scattershot (4/9)
Scrolls
 a - 2 scrolls of silence
 e - 4 scrolls of blinking
 l - 6 scrolls of immolation
 o - 26 scrolls of teleportation
 F - 4 scrolls of magic mapping
 G - 5 scrolls of fear
 I - 23 scrolls of remove curse
 L - a scroll of fog
 M - 11 scrolls of identify
 O - a scroll of recharging
 P - a scroll of enchant weapon
 V - a scroll of holy word
Potions
 d - 3 potions of haste
 g - 10 potions of flight
 h - 2 potions of might
 n - 9 potions of magic
 p - 15 potions of curing
 q - a potion of resistance
 s - 11 potions of heal wounds
 u - 4 potions of berserk rage
 z - 10 potions of brilliance
 C - 8 potions of ambrosia
 D - 8 potions of agility
 S - 3 potions of mutation
 W - 3 potions of cancellation
Miscellaneous
 k - 5 boxes of beasts
 r - 7 phantom mirrors
 N - 2 sacks of spiders
Comestibles
 A - 10 fruits
 B - 27 meat rations
 X - 17 bread rations


   Skills:
 + Level 24.3 Fighting
 O Level 27 Axes
   Level 1.0 Crossbows
 + Level 21.1 Armour
 - Level 10.3 Stealth
 + Level 20.8 Shields
 - Level 2.0 Spellcasting
 - Level 1.0 Translocations
 - Level 2.6 Poison Magic
 - Level 11.4 Evocations


You had 20 spell levels left.
You knew the following spells:

 Your Spells              Type           Power        Failure   Level  Hunger
b - Call Imp              Summ           #.......     97%         2    ###....
c - Conjure Flame         Conj/Fire      #.......     99%         3    ####...
e - Mephitic Cloud        Conj/Pois/Air  #.......     99%         3    ####...
k - Blink                 Tloc           N/A          91%         2    ###....


Dungeon Overview and Level Annotations

Branches:
Dungeon (15/15)            Temple (1/1) D:6            Lair (6/6) D:9
 Shoals (4/4) Lair:2       Spider (4/4) Lair:4        Slime (5/5) Lair:5
    Orc (2/2) D:12            Elf (3/3) Orc:2        Vaults (5/5) D:14
  Crypt (3/3) Vaults:2       Tomb (0/3) Crypt:3      Depths (5/5) D:15
    Zot (5/5) Depths:5

Altars:
Ashenzari
Cheibriados
Dithmenos
Elyvilon
Fedhas
Gozag
Hepliaklqana
Kikubaaqudgha
Nemelex Xobeh
Okawaru
Ru
Trog
Vehumet
Wu Jian
Xom
Yredelemnul
Zin
The Shining One
Beogh

Shops:
D:1 [   D:7 *   D:9 ?   D:11 :   D:12 (   D:14 *   Orc:1 :   Orc:2 [}}=[*=!?
Elf:2 *   Lair:1 *(   Vaults:1 [   Vaults:2 [   Vaults:3 ==   Vaults:4 ?(
Vaults:5 ??%%   Depths:2 =   Depths:3 (

Portals:
Hell: Depths:1* Depths:2 Depths:3 Depths:4 Depths:5
Abyss: Depths:4
Pandemonium: Depths:3 Depths:5
Ziggurat: Depths:2


Innate Abilities, Weirdness & Mutations

You cannot wear boots.
Your serpentine skin is tough. (AC +9)
You have supernaturally acute eyesight. (SInv)
Armour fits poorly on your strangely shaped body.
Your system is resistant to poisons. (rPois)
You cover ground very slowly.
You have a slow metabolism.
You can spit poison.
You can use your snake-like lower body to constrict enemies.
You have a pair of small horns on your head.
Your tail ends in a poisonous barb.
You are partially covered in thin metallic scales. (AC +2)
You are partially covered in yellow scales. (AC +2)
Your body sometimes deteriorates upon taking damage.
Your magical capacity is low. (-10% MP)
You are weak. (Str -2)
You evolve.


Message History

(V) Vaults (C) Crypt (W) Tomb (U) Depths (H) Hell (Z) Zot
Where to? (Enter - D:1, ? - help)
You see here 17 gold pieces.
There is a stone staircase leading up here.
HP restored.
You climb upwards.
There is a stone staircase leading down here.
You feel a little less mighty now. [a] 2520 gold - Elotsuz's Food Shop [b] 2865 gold - Typp's Gadget Shoppe [c] 2437 gold - Vozin's Magic Scroll Shop [d] 1833 gold - Wyedonom's Antique Armour Shop Fund which merchant?
You no longer have enough gold to fund merchants seeking to open stores in the dungeon.
You no longer have enough gold to bribe branches to halt enemies' attacks and recruit allies.
Wyedonom invites you to visit her Antique Armour Shop.
There is a staircase leading out of the dungeon here.
You see here a +0 club.
You have escaped!

...#.#####...#.##...#########.#
...#.# #.##...........#####.#
####'## #.#..###...##.....##.#
#....# #.#..........##...##.#
#....# #.#.#.....#..#8...8#.#
#....# #.#.#.....#..##...##.#
#....# #.#.#.....#..##...##.#
#....## #.#.#..∩..#..##...####
#.....# #...#..@..#..#8...⌠#
#.....###...#.....#..##...##
#......##.#.#.....#..##...#
######.##.#.#.....#..##...##
#.##.#.#.....#..#8...8#
###.##.#..........##.).##
#......############....#
#......# #....÷.....####
#......# #.##########


There were no monsters in sight!

Vanquished Creatures
  the Royal Jelly (Slime:5)
  A seraph (Depths:1)
  8 orbs of fire (Zot:5)
  2 ancient liches (Zot:5)
  7 juggernauts
  Margery (Vaults:5)
  Saint Roka (Crypt:2)
  Frederick (Crypt:1)
  7 Killer Klowns (Zot:5)
  2 curse toes (Zot:5)
  7 pandemonium lords
  4 caustic shrikes
  Jory (Crypt:3)
  13 golden dragons
  2 electric golems
  A hellephant (D:15)
  9 liches
  2 Tzitzimimeh
  3 deep elf blademasters
  An Ice Fiend (Depths:5)
  8 tentacled monstrosities
  A shard shrike skeleton (Crypt:1)
  31 Orb Guardians
  2 deep elf master archers (Elf:3)
  14 titans
  3 quicksilver dragons
  2 tentacled starspawn (Abyss:5)
  Polyphemus (Shoals:2)
  13 acid blobs
  An acid blob (shapeshifter) (Depths:5)
  A kraken (Shoals:4)
  4 death cobs
  6 sphinxes
  The ghost of Rhoefr the Brawler, an adept NaFi of Cheibriados (IceCv)
  3 ancient champions
  14 shadow dragons
  Agnes (Spider:3)
  7 tengu reavers
  6 storm dragons
  A revenant (Crypt:3)
  Roxanne (Elf:2)
  7 azure jellies
  Ilsuiw (Shoals:4)
  2 draconian knights
  A blood saint (D:15)
  10 deep elf sorcerers
  22 fire giants
  A fire giant (shapeshifter) (Depths:4)
  4 ghost moths (Spider:4)
  22 frost giants
  A cacodemon (D:9)
  13 vault wardens
  Aizul (Spider:1)
  7 iron dragons
  9 ghouls
  Louise (Shoals:4)
  7 spriggan defenders
  A black sun (D:15)
  3 deep elf elementalists
  7 emperor scorpions
  A draconian stormcaller (Zot:5)
  A draconian annihilator (Zot:5)
  A war gargoyle (Vaults:5)
  12 ironheart preservers
  37 stone giants
  5 entropy weavers
  27 very ugly things
  The ghost of Fernandocris the Fighter, a journeyman DsNe of Kikubaaqudgha (Lair:5)
  16 vampire knights
  13 deep elf demonologists
  6 yellow draconians
  A lorocyproca (Abyss:5)
  Azrael (Spider:1)
  9 deep elf annihilators
  3 red draconians
  2 white draconians (Zot:5)
  3 purple draconians
  A black draconian (Zot:5)
  5 eidola
  A crystal guardian (Vaults:4)
  13 deep elf death magi
  19 ettins
  2 spark wasps
  10 merfolk impalers
  A blizzard demon (D:15)
  5 merfolk javelineers
  A green death (Depths:1)
  A mummy priest (Crypt:3)
  8 death oozes
  8 deep elf high priests
  13 fire dragons
  9 jiangshi
  Josephine (Shoals:1)
  Erolcha (D:9)
  A quicksilver dragon zombie (Crypt:3)
  10 great orbs of eyes
  4 hydras
  25 yaktaur captains
  14 ice dragons
  37 vault guards
  10 centaur warriors
  2 monstrous demonspawn (Depths:3)
  7 rakshasas
  A hell beast (D:2)
  An anaconda (shapeshifter) (Depths:4)
  An alligator (Lair:3)
  2 merfolk aquamancers
  2 catoblepae
  13 ogre magi
  10 spriggan air magi
  9 death knights
  7 merfolk avatars
  An anaconda (Lair:6)
  6 tengu warriors
  A satyr (Shoals:3)
  13 deep troll shamans
  15 vampire magi
  3 death yaks
  A queen ant (Lair:4)
  9 thrashing horrors (Abyss:5)
  15 deep troll earth magi
  30 two-headed ogres
  6 spriggan berserkers
  A titan zombie (Crypt:3)
  2 storm dragon zombies
  7 soul eaters
  28 deep elf knights
  A sun demon (D:5)
  12 hell knights
  5 iron trolls
  4 golden dragon zombies (Crypt:3)
  A cherub (Depths:1)
  10 sea snakes
  2 shadow wraiths
  A ghost moth zombie (Crypt:1)
  3 sixfirhies
  21 skeletal warriors
  A death drake (shapeshifter) (Vaults:5)
  A sea snake (shapeshifter) (Depths:4)
  31 deep trolls
  12 glowing orange brains
  11 unseen horrors
  7 flayed ghosts
  An anaconda zombie (Crypt:3)
  A kraken simulacrum (Shoals:4)
  5 wizards
  A swamp dragon (Lair:6)
  15 orc knights
  19 ironbrand convokers
  15 phantasmal warriors
  50 ugly things
  20 deep elf archers
  A shining eye (Slime:5)
  23 harpies
  An orb spider (shapeshifter) (Vaults:5)
  9 necromancers
  10 orb spiders
  25 wolf spiders
  A cyclops (shapeshifter) (Vaults:2)
  A lindwurm (Lair:6)
  A fire giant zombie (Crypt:3)
  A shining eye (shapeshifter) (Vaults:5)
  An oklob plant (Lair:5)
  6 cyclopes
  11 fauns
  73 deep elf magi
  A manticore (shapeshifter) (Vaults:5)
  A faun (shapeshifter) (Depths:5)
  9 orc sorcerers
  12 manticores
  2 centaur zombies
  A fire giant skeleton (Crypt:2)
  A sphinx skeleton (Crypt:3)
  A salamander (shapeshifter) (Depths:5)
  10 moths of wrath
  A torpor snail (Spider:2)
  An eye of devastation (Slime:5)
  3 rust devils
  8 black mambas
  17 merfolk sirens
  2 guardian serpents (shapeshifter)
  2 water nymphs (shapeshifter)
  2 centaur skeletons
  4 elephants (Lair:4)
  4 ice statues (IceCv)
  Joseph (D:7)
  24 vault sentinels
  A black mamba (shapeshifter) (Elf:3)
  A smoke demon (Abyss:5)
  2 gargoyles
  Maurice (D:13)
  7 water nymphs
  An apocalypse crab (Abyss:5)
  A dire elephant skeleton (Crypt:2)
  6 orange demons
  A hellion (Depths:3)
  3 kobold demonologists
  12 spiny frogs
  A rime drake (Lair:4)
  2 komodo dragons (shapeshifter)
  39 yaktaurs
  A tormentor (Depths:5)
  A yellow draconian zombie (Crypt:1)
  10 demonic crawlers
  9 freezing wraiths
  6 guardian mummies (Crypt:3)
  10 komodo dragons
  13 ice devils
  11 tengu conjurers
  An ancient zyme (Abyss:5)
  A catoblepas skeleton (Crypt:2)
  5 meliai
  A troll (shapeshifter) (D:15)
  A merfolk (shapeshifter) (Depths:2)
  37 jumping spiders
  90 redbacks
  25 wolves
  8 trolls
  A shadow dragon simulacrum (Crypt:1)
  32 blink frogs
  19 merfolk
  A queen bee (shapeshifter) (Vaults:3)
  2 polar bears (shapeshifter)
  8 hornets
  A hornet (shapeshifter) (D:15)
  A minotaur skeleton (Crypt:1)
  A fire dragon zombie (Crypt:2)
  3 blink frogs (shapeshifter)
  39 slime creatures
  3 bog bodies
  2 hydra skeletons (Crypt:1)
  11 polar bears
  A guardian serpent zombie (Crypt:2)
  7 snapping turtles
  A dream sheep (shapeshifter) (Depths:2)
  5 dream sheep
  A frost giant simulacrum (Vaults:2)
  14 hippogriffs
  2 meliai zombies
  A fire giant simulacrum (Crypt:1)
  An ice dragon skeleton (Crypt:1)
  A black mamba zombie (Crypt:1)
  24 water elementals
  5 air elementals
  A fire dragon skeleton (Crypt:1)
  6 shadows
  5 ynoxinuls
  2 large abominations
  85 yaks
  3 spriggans (Lair:1)
  A yak (shapeshifter) (Depths:4)
  24 vampires
  31 tarantellas
  A hog (shapeshifter) (D:14)
  16 wraiths
  4 fire elementals
  A human (shapeshifter) (Vaults:1)
  3 basilisks
  2 wyverns
  2 golden eyes (Depths:5)
  A basilisk (shapeshifter) (Vaults:3)
  3 hungry ghosts
  A neqoxec (D:6)
  4 chaos spawn
  2 small abominations
  A water nymph zombie (Crypt:3)
  3 steam dragons (Lair:6)
  Menkaure (D:4)
  7 vampire mosquitoes
  7 wargs
  5 insubstantial wisps (Abyss:5)
  7 acid dragons
  15 water moccasins
  7 porcupines
  28 hell hounds
  15 soldier ants
  A floating eye (shapeshifter) (Vaults:5)
  3 floating eyes (Depths:4)
  2 swamp drakes (Lair:6)
  45 orc warriors
  2 sky beasts
  A manticore zombie (Crypt:1)
  2 spiny frog skeletons
  14 black bears
  A sky beast (shapeshifter) (Vaults:2)
  4 necrophages
  An eye of draining (D:11)
  4 ice beasts
  34 killer bees
  2 phantoms
  An ettin simulacrum (Crypt:1)
  31 ogres
  5 boggarts
  17 centaurs
  22 crocodiles
  A manticore skeleton (Crypt:3)
  A big kobold (D:11)
  A hippogriff zombie (Crypt:2)
  18 bullfrogs
  2 wyvern zombies
  4 earth elementals
  A wyvern skeleton (D:13)
  A water moccasin skeleton (D:8)
  A troll zombie (Crypt:3)
  5 scorpions
  14 wights
  6 electric eels
  A polar bear skeleton (Crypt:3)
  A spriggan skeleton (Crypt:3)
  5 howler monkeys
  7 crimson imps
  4 bullfrog zombies
  3 draconian simulacra (IceCv)
  2 quasits
  5 hounds
  2 bullfrog skeletons
  A demonspawn zombie (Crypt:3)
  19 orc priests
  12 jellies
  42 orc wizards
  Crazy Yiuf (D:4)
  2 iron imps
  A gnoll shaman (D:7)
  6 iguanas
  6 hell rats (Lair:6)
  2 spriggan simulacra (IceCv)
  27 worker ants
  An acid dragon zombie (Crypt:2)
  A centaur simulacrum (IceCv)
  An ogre skeleton (Crypt:2)
  A hound zombie (D:8)
  A hound skeleton (D:7)
  9 adders
  6 gnolls
  An ogre simulacrum (IceCv)
  3 naga simulacra (IceCv)
  7 shadow imps
  A white imp (Depths:3)
  An ufetubus (Vaults:2)
  5 oozes (Lair:6)
  2 adder zombies
  An iguana zombie (Crypt:1)
  2 adder skeletons
  3 worms
  5 leopard geckos
  103 orcs
  6 giant cockroaches
  6 goblins
  7 hobgoblins
  17 jackals
  6 quokkas
  4 ball pythons
  6 bats
  A dart slug zombie (Crypt:1)
  5 frilled lizards
  A frilled lizard zombie (Crypt:1)
  A gnoll skeleton (Crypt:2)
  A jackal skeleton (Crypt:1)
  14 kobolds
  2 leopard gecko skeletons (D:5)
  11 rats
  3 fungi
  A lurking horror (Abyss:5)
  9 plants
  4 tentacles (Shoals:4)
2812 creatures vanquished.

Vanquished Creatures (collateral kills)
  A hydra (Lair:4)
  Erica (D:9)
  A troll (D:9)
  2 jumping spiders (Lair:4)
  A queen bee (Lair:4)
  2 redbacks (Lair:4)
  2 yaks
  2 wolves
  3 ogres
  7 killer bees
  A crocodile (D:11)
  A wight (D:11)
  An electric eel (D:9)
  3 hounds (D:9)
  A worker ant (D:3)
  2 gnolls (D:2)
  A howler monkey skeleton (D:9)
  5 adders
  A worm (D:2)
  2 goblins
  2 hobgoblins (D:2)
  A bat (D:2)
  A kobold (D:3)
  A rat (D:2)
45 creatures vanquished.

Vanquished Creatures (others)
  An electric golem (Zot:5)
  2 yaktaur captains (Vaults:4)
  2 satyrs
  27 dancing weapons
  A deep elf archer (Elf:1)
  A meliai (Lair:4)
  A deep elf mage (Vaults:1)
  A cyclops (Vaults:1)
  2 fauns
  9 yaktaurs
  An ice devil (D:15)
  A jumping spider (Lair:4)
  A fire elemental (Spider:1)
  A yak (D:11)
  An ice beast (D:14)
  A sky beast (D:15)
  7 centaurs
  3 killer bees (D:9)
  A wight (D:15)
  A quasit (Zot:5)
  A shadow imp (Zot:5)
  An orc (Crypt:2)
  11 fungi
  27 plants
  4 starspawn tentacles (Abyss:5)
  10 tentacles (Shoals:4)
119 creatures vanquished.

Grand Total: 2976 creatures vanquished

Notes
Turn   | Place    | Note
-------+----------+-------------------------------------------
     0 | D:1      | Dynast the Naga Wanderer began the quest for the Orb.
     0 | D:1      | Dynast set off with: a book of Minor Magic, the Compendium of the Tired Princes, a potion of lignification, a +0 robe, a +0 club, a bread ration
     0 | D:1      | Reached XP level 1. HP: 19/19 MP: 3/3
     0 | D:1      | Identified the Compendium of the Tired Princes
     3 | D:1      | Learned a level 1 spell: Magic Dart
   238 | D:1      | Reached XP level 2. HP: 26/26 MP: 5/5
   266 | D:1      | Learned a level 2 spell: Blink
   269 | D:1      | Learned a level 2 spell: Call Imp
   859 | D:1      | Reached XP level 3. HP: 27/32 MP: 4/6
  1425 | D:2      | Reached skill level 5 in Stealth
  1436 | D:2      | Found a snail-covered altar of Cheibriados.
  1994 | D:2      | Reached XP level 4. HP: 40/40 MP: 2/7
  2039 | D:2      | Found a bloodstained altar of Trog.
  2268 | D:2      | Found an opulent altar of Gozag.
  2365 | D:2      | Reached skill level 1 in Evocations
  2653 | D:2      | Reached XP level 5. HP: 31/46 MP: 1/8
  2940 | D:2      | Found an iron altar of Okawaru.
  3145 | D:3      | Learned a level 3 spell: Mephitic Cloud
  3151 | D:3      | Found a radiant altar of Vehumet.
  3409 | D:3      | Found an ornate altar of the Wu Jian Council.
  3651 | D:3      | Found an ancient bone altar of Kikubaaqudgha.
  3853 | D:3      | Reached XP level 6. HP: 46/55 MP: 6/9
  4764 | D:4      | Found a white marble altar of Elyvilon.
  4931 | D:4      | Found a glowing golden altar of the Shining One.
  4931 | D:4      | Found a bloodstained altar of Trog.
  5025 | D:4      | Noticed a phantom
  5042 | D:4      | Reached XP level 7. HP: 52/63 MP: 3/10
  5170 | D:4      | Found a runed door.
  5174 | D:4      | Got an ivory mace
  5176 | D:4      | Identified the +10 mace of the Penguin {drain, *Drain +Fly rElec rN+ Dex+8} (You found it on level 4 of the Dungeon)
  5234 | D:4      | Noticed Menkaure
  5247 | D:4      | Killed Menkaure
  5247 | D:4      | Reached skill level 1 in Armour
  5619 | D:5      | Entered Level 5 of the Dungeon
  5795 | D:5      | Reached XP level 8. HP: 70/73 MP: 11/11
  5849 | D:5      | Found a basalt altar of Yredelemnul.
  5955 | D:5      | Reached skill level 5 in Fighting
  6789 | D:5      | Learned a level 3 spell: Conjure Flame
  6982 | D:2      | Became a worshipper of Gozag Ym Sagoz the Greedy
  7139 | D:6      | Found a shimmering altar of Xom.
  7156 | D:6      | Found a shattered altar of Ashenzari.
  7378 | D:6      | Reached skill level 10 in Stealth
  7632 | D:6      | Found a staircase to the Ecumenical Temple.
  7638 | Temple   | Entered the Ecumenical Temple
  8112 | D:7      | Reached skill level 1 in Axes
  8124 | D:7      | Reached XP level 9. HP: 82/82 MP: 12/12
  8182 | D:7      | Reached skill level 2 in Axes
  8297 | D:7      | Reached skill level 5 in Evocations
  8427 | D:7      | Noticed Joseph
  8934 | D:7      | Killed Joseph
  9084 | D:7      | Found Ujurr's General Store.
  9110 | D:7      | Bought a potion of heal wounds for 70 gold pieces
  9110 | D:7      | Bought a wand of enslavement (15/24) for 238 gold pieces
  9121 | D:7      | Bought a scroll of enchant armour for 105 gold pieces
  9159 | D:7      | Found a snail-covered altar of Cheibriados.
  9667 | D:8      | Noticed a two-headed ogre
 10036 | D:9      | Noticed a troll
 10038 | D:9      | Reached XP level 10. HP: 91/91 MP: 14/16
 10040 | D:9      | Noticed Erica
 10045 | D:9      | Killed Erica
 10072 | D:9      | Killed a troll
 10440 | D:9      | Reached skill level 10 in Evocations
 10457 | D:9      | Noticed a two-headed ogre
 10468 | D:9      | Found Agamuom's Magic Scroll Shoppe.
 10477 | D:9      | Bought a scroll of identify for 22 gold pieces
 10477 | D:9      | Bought a scroll of identify for 22 gold pieces
 10477 | D:9      | Bought a scroll of magic mapping for 38 gold pieces
 10849 | D:8      | Killed a two-headed ogre
 10884 | D:7      | Bought a wand of clouds (4/9) for 336 gold pieces
 11050 | D:4      | Noticed Crazy Yiuf
 11051 | D:4      | Killed Crazy Yiuf
 11237 | D:9      | Noticed Erolcha
 11331 | D:9      | Found a sparkling altar of Nemelex Xobeh.
 11640 | D:9      | Found a staircase to the Lair.
 11772 | D:9      | Killed Erolcha
 11772 | D:9      | Reached skill level 3 in Axes
 11772 | D:9      | Reached XP level 11. HP: 99/99 MP: 19/19
 12071 | D:9      | Killed a two-headed ogre
 12071 | D:9      | Reached skill level 4 in Axes
 12217 | D:10     | Entered Level 10 of the Dungeon
 12217 | D:10     | Noticed a two-headed ogre
 12228 | D:10     | Killed a two-headed ogre
 12924 | D:11     | Reached skill level 5 in Axes
 13240 | D:11     | Found Raiseoq's Book Shop.
 13424 | D:11     | Noticed a two-headed ogre
 13430 | D:11     | Killed a two-headed ogre
 13430 | D:11     | Reached skill level 5 in Armour
 13471 | D:11     | Reached skill level 6 in Axes
 14003 | D:11     | Reached XP level 12. HP: 110/110 MP: 20/20
 14070 | D:11     | Reached skill level 7 in Axes
 14206 | D:11     | Reached skill level 5 in Shields
 14209 | D:11     | Paralysed by a hornet for 2 turns
 14514 | Lair:1   | Entered Level 1 of the Lair of Beasts
 14560 | Lair:1   | Bought a scroll of teleportation for 42 gold pieces
 14560 | Lair:1   | Bought a potion of heal wounds for 70 gold pieces
 14650 | D:7      | Bought a +6 war axe of chopping for 520 gold pieces
 14783 | Lair:1   | Bought a scroll of identify for 28 gold pieces
 15084 | Lair:1   | Reached skill level 8 in Axes
 15548 | Lair:1   | Noticed an eight-headed hydra
 15562 | Lair:1   | Killed a one-headed hydra
 16278 | Lair:1   | Reached skill level 9 in Axes
 16801 | Lair:2   | Found a staircase to the Shoals.
 17176 | Lair:2   | Noticed Nergalle
 17180 | Lair:2   | Noticed Nergalle
 17180 | Lair:2   | Nergalle changed into Nergalle the glowing orange brain
 17188 | Lair:2   | Killed Nergalle the glowing orange brain
 17188 | Lair:2   | Gained mutation: You can use your snake-like lower body to constrict enemies. [Naga growth]
 17188 | Lair:2   | Reached XP level 13. HP: 121/121 MP: 21/21
 17493 | Lair:2   | Reached skill level 10 in Axes
 19452 | Lair:4   | Found a hole to the Spider Nest.
 19457 | Lair:4   | Identified a scroll of acquirement
 19657 | Lair:4   | Reached skill level 11 in Axes
 19807 | Lair:4   | Reached skill level 10 in Fighting
 19836 | Lair:4   | Reached XP level 14. HP: 97/132 MP: 22/22
 20206 | Lair:4   | Noticed an entropy weaver
 20216 | Lair:4   | Killed an entropy weaver
 20279 | Lair:4   | Reached skill level 12 in Axes
 20582 | Lair:4   | Noticed an entropy weaver
 20601 | Lair:4   | Killed an entropy weaver
 21177 | Lair:5   | Found a staircase to the Slime Pits.
 21352 | Lair:5   | Noticed Fernandocris's ghost (journeyman DsNe)
 21629 | Lair:5   | Killed Fernandocris's ghost
 22234 | Lair:6   | Entered Level 6 of the Lair of Beasts
 22558 | Lair:6   | Noticed an azure jelly
 22661 | Lair:6   | Noticed an acid blob
 22723 | Lair:6   | Reached skill level 13 in Axes
 22752 | Lair:6   | Killed an azure jelly
 22768 | Lair:6   | Reached XP level 15. HP: 93/141 MP: 23/23
 23026 | Lair:6   | Killed an acid blob
 24151 | Lair:6   | Reached skill level 14 in Axes
 24288 | Lair:6   | Got a bone broad axe
 24290 | Lair:6   | Identified the +8 broad axe of Makhleb's Approval {pain, rC+ Int+2 Dex+4} (You found it on level 6 of the Lair of Beasts)
 25147 | D:12     | Found a shadowy altar of Dithmenos.
 25251 | D:12     | Found a staircase to the Orcish Mines.
 25463 | Orc:1    | Entered Level 1 of the Orcish Mines
 25496 | Orc:1    | Reached skill level 10 in Armour
 25623 | Orc:1    | Found Ysoptyre's Book Boutique.
 26248 | Orc:2    | Entered Level 2 of the Orcish Mines
 26360 | Orc:2    | Found a staircase to the Elven Halls.
 26473 | Orc:2    | Found Xuacabov's Gadget Shop.
 26597 | Orc:2    | Found Xytilate's Antique Armour Boutique.
 26604 | Orc:2    | Bought a pair of embroidered gloves for 142 gold pieces
 26622 | Orc:2    | Found a radiant altar of Vehumet.
 26625 | Orc:2    | Reached XP level 16. HP: 148/152 MP: 24/24
 26631 | Orc:2    | Found Xaruewn's Gadget Shop.
 26673 | Orc:2    | Found an ancient bone altar of Kikubaaqudgha.
 26745 | Orc:2    | Found a roughly hewn altar of Beogh.
 26759 | Orc:2    | Found Ofadd's Magic Scroll Boutique.
 26786 | Orc:2    | Bought 2 scrolls of teleportation for 66 gold pieces
 26786 | Orc:2    | Bought a scroll of fear for 38 gold pieces
 26786 | Orc:2    | Bought a scroll of summoning for 104 gold pieces
 26786 | Orc:2    | Bought a scroll of blinking for 82 gold pieces
 26786 | Orc:2    | Bought a scroll of blinking for 82 gold pieces
 26786 | Orc:2    | Bought 3 scrolls of identify for 66 gold pieces
 27033 | Orc:2    | Found Ylot's Distillery.
 27036 | Orc:2    | Gained mutation: You passively map a small area around you. [potion of mutation]
 27036 | Orc:2    | Gained mutation: You have sharp fingernails. [potion of mutation]
 27037 | Orc:2    | Lost mutation: You passively map a small area around you. [potion of mutation]
 27037 | Orc:2    | Lost mutation: You have sharp fingernails. [potion of mutation]
 27037 | Orc:2    | Gained mutation: You are agile. (Dex +2) [potion of mutation]
 27037 | Orc:2    | Gained mutation: You can exhale a cloud of poison. [potion of mutation]
 27037 | Orc:2    | Gained mutation: Your mind is acute. (Int +2) [potion of mutation]
 27038 | Orc:2    | Bought a potion of heal wounds for 75 gold pieces
 27038 | Orc:2    | Bought 2 potions of haste for 300 gold pieces
 27100 | D:13     | Noticed Maurice
 27106 | D:13     | Killed Maurice
 27169 | D:13     | Found a frozen archway.
 27189 | IceCv    | Entered an ice cave
 27191 | IceCv    | Noticed Rhoefr's ghost (adept NaFi)
 27202 | IceCv    | Killed Rhoefr's ghost
 27202 | IceCv    | Reached skill level 15 in Axes
 28262 | D:14     | Found a gate to the Vaults.
 28988 | D:14     | Found Siustyxkie's Assorted Antiques.
 29393 | D:15     | Entered Level 15 of the Dungeon
 29556 | D:15     | Found a flickering gateway to a bazaar.
 29565 | Bazaar   | Entered a bazaar
 29567 | Bazaar   | Found Kiorer's Food Boutique.
 29571 | Bazaar   | Found Nouhel's General Store.
 29571 | Bazaar   | Found Neorop's Food Boutique.
 29571 | Bazaar   | Found Zaremaeg's Food Boutique.
 29581 | Bazaar   | Bought a potion of heal wounds for 45 gold pieces
 29581 | Bazaar   | Bought a scroll of teleportation for 27 gold pieces
 29776 | D:15     | Reached skill level 10 in Shields
 30040 | D:15     | Found a shattered altar of Ashenzari.
 30468 | D:15     | Found a staircase to the Depths.
 30764 | Lair:1   | Got a steaming naga barding
 30765 | Lair:1   | Identified the +3 naga barding of Ixzuc {rN+ Str+3 Int-5 Dex+3} (You acquired it on level 1 of the Lair of Beasts)
 30777 | Lair:1   | Got a wavering glass ring
 30778 | Lair:1   | Identified the ring "Qeogiov" {rC+ Str+5 Stlth+} (You acquired it on level 1 of the Lair of Beasts)
 31088 | Spider:1 | Entered Level 1 of the Spider Nest
 31088 | Spider:1 | Noticed Aizul
 31096 | Spider:1 | Noticed Azrael
 31096 | Spider:1 | Reached skill level 16 in Axes
 31102 | Spider:1 | Killed Aizul
 31112 | Spider:1 | Killed Azrael
 31112 | Spider:1 | Reached XP level 17. HP: 118/163 MP: 25/25
 33001 | Spider:3 | Noticed Agnes
 33009 | Spider:3 | Killed Agnes
 33724 | Spider:3 | Identified the +11 battleaxe "Fehusch" {flame, Int+4} (You found it on level 3 of the Spider Nest)
 33745 | Spider:4 | Entered Level 4 of the Spider Nest
 33859 | Spider:4 | Identified the +3 chain mail of the Sun {rN+} (You found it on level 4 of the Spider Nest)
 33886 | Spider:4 | Reached skill level 17 in Axes
 34096 | Spider:4 | Reached XP level 18. HP: 158/174 MP: 2/26
 34940 | Spider:4 | Got a gossamer rune of Zot
 35365 | Orc:2    | Bought the brooch of Shielding {Reflect SH+8} for 2232 gold pieces
 35474 | Shoals:1 | Entered Level 1 of the Shoals
 35528 | Shoals:1 | Identified the cursed +0 chain mail of the Six Seas {rPois MR- Regen+ Int+4} (You found it on level 1 of the Shoals)
 35598 | Shoals:1 | Noticed Josephine
 35609 | Shoals:1 | Killed Josephine
 36391 | Shoals:2 | Noticed Polyphemus
 36618 | Shoals:2 | Reached skill level 18 in Axes
 36768 | Shoals:2 | Killed Polyphemus
 37633 | Shoals:4 | Entered Level 4 of the Shoals
 37633 | Shoals:4 | Noticed Louise
 37640 | Shoals:4 | Killed Louise
 37640 | Shoals:4 | Reached XP level 19. HP: 142/183 MP: 27/27
 37839 | Shoals:4 | Identified the +1 chain mail of the Princess {Str+4 Int-3 SInv} (You found it on level 4 of the Shoals)
 37962 | Shoals:4 | Noticed Ilsuiw
 37973 | Shoals:4 | Killed Ilsuiw
 38903 | Shoals:4 | Reached skill level 15 in Fighting
 38933 | Shoals:4 | Got a barnacled rune of Zot
 39430 | Vaults:1 | Entered Level 1 of the Vaults
 39538 | Vaults:1 | Reached skill level 19 in Axes
 40256 | Vaults:1 | Reached XP level 20. HP: 176/194 MP: 28/28
 41503 | Vaults:2 | You fall through a shaft!
 41641 | Vaults:2 | Found a staircase to the Crypt.
 41960 | Vaults:2 | Reached skill level 20 in Axes
 42188 | Vaults:2 | Found a blossoming altar of Fedhas.
 43207 | Vaults:3 | Found Woicid's Jewellery Shoppe.
 43338 | Vaults:3 | Reached XP level 21. HP: 108/205 MP: 29/29
 44843 | Vaults:4 | Found Bonexuocw's Magic Scroll Boutique.
 44851 | Vaults:4 | Bought a scroll of blinking for 90 gold pieces
 44851 | Vaults:4 | Bought a scroll of recharging for 114 gold pieces
 45247 | Vaults:4 | Reached skill level 21 in Axes
 45883 | Elf:1    | Entered Level 1 of the Elven Halls
 47222 | Elf:2    | Found a radiant altar of Vehumet.
 47259 | Elf:2    | Reached XP level 22. HP: 216/216 MP: 30/30
 47281 | Elf:2    | Found Soph's Assorted Antiques.
 47286 | Elf:2    | Noticed Roxanne
 47300 | Elf:2    | Killed Roxanne
 47406 | Elf:2    | Identified Roxanne's Papyrus of Earth (You took it off Roxanne on level 2 of the Elven Halls)
 47610 | Elf:2    | Found a runed gate.
 47610 | Elf:2    | Found a runed gate.
 47610 | Elf:2    | Found a runed gate.
 48371 | Elf:3    | Entered Level 3 of the Elven Halls
 48614 | Elf:3    | Reached skill level 22 in Axes
 48898 | Elf:3    | Got a heavily runed golden ring
 49072 | Elf:3    | Identified the ring of Law {rPois Int+5 Dex+3 Stlth+} (You took it off a deep elf demonologist on level 3 of the Elven Halls)
 49084 | Elf:3    | Got a sparkling platinum ring
 49085 | Elf:3    | Identified the ring "Teig Apn" {AC+2 Str+3 Stlth+} (You found it on level 3 of the Elven Halls)
 49092 | Elf:3    | Identified the +1 helmet "Dinif" {rC+} (You found it on level 3 of the Elven Halls)
 49793 | Crypt:1  | Entered Level 1 of the Crypt
 49968 | Crypt:1  | Reached XP level 23. HP: 159/225 MP: 31/31
 50325 | Orc:2    | Bought an uncursed amulet of regeneration for 480 gold pieces
 50538 | Crypt:1  | Noticed Frederick
 50547 | Crypt:1  | Killed Frederick
 50575 | Crypt:1  | Lost mutation: Your mind is acute. (Int +2) [potion of mutation]
 50575 | Crypt:1  | Lost mutation: You are agile. (Dex +2) [potion of mutation]
 50575 | Crypt:1  | Lost mutation: You can exhale a cloud of poison. [potion of mutation]
 50575 | Crypt:1  | Gained mutation: You can exhale a cloud of poison. [potion of mutation]
 50575 | Crypt:1  | Gained mutation: Your flesh is heat resistant. (rF+) [potion of mutation]
 50575 | Crypt:1  | Gained mutation: Your flesh is cold resistant. (rC+) [potion of mutation]
 50576 | Crypt:1  | Lost mutation: You can exhale a cloud of poison. [potion of mutation]
 50576 | Crypt:1  | Lost mutation: Your flesh is heat resistant. (rF+) [potion of mutation]
 50576 | Crypt:1  | Lost mutation: Your flesh is cold resistant. (rC+) [potion of mutation]
 50576 | Crypt:1  | Gained mutation: Your spells are a little harder to cast, but a little more powerful. [potion of mutation]
 50576 | Crypt:1  | Gained mutation: You passively map a small area around you. [potion of mutation]
 50576 | Crypt:1  | Gained mutation: You are clumsy. (Dex -2) [potion of mutation]
 50576 | Crypt:1  | Gained mutation: You have a pair of small horns on your head. [potion of mutation]
 50577 | Crypt:1  | Lost mutation: Your spells are a little harder to cast, but a little more powerful. [potion of mutation]
 50577 | Crypt:1  | Lost mutation: You are clumsy. (Dex -2) [potion of mutation]
 50577 | Crypt:1  | Lost mutation: You have a pair of small horns on your head. [potion of mutation]
 50577 | Crypt:1  | Lost mutation: You passively map a small area around you. [potion of mutation]
 50577 | Crypt:1  | Gained mutation: You are clumsy. (Dex -2) [potion of mutation]
 50577 | Crypt:1  | Lost mutation: You are clumsy. (Dex -2) [potion of mutation]
 50577 | Crypt:1  | Gained mutation: You expend magic power (3 MP) to strengthen your wands. [potion of mutation]
 50577 | Crypt:1  | Gained mutation: You are somewhat resistant to further mutation. [potion of mutation]
 50578 | Crypt:1  | Lost mutation: You expend magic power (3 MP) to strengthen your wands. [potion of mutation]
 50578 | Crypt:1  | Lost mutation: You are somewhat resistant to further mutation. [potion of mutation]
 50578 | Crypt:1  | Gained mutation: You can exhale a cloud of poison. [potion of mutation]
 50578 | Crypt:1  | Gained mutation: Your mind is acute. (Int +2) [potion of mutation]
 50581 | Crypt:1  | Lost mutation: Your mind is acute. (Int +2) [potion of mutation]
 50581 | Crypt:1  | Lost mutation: You can exhale a cloud of poison. [potion of mutation]
 50581 | Crypt:1  | Gained mutation: Your spells are a little harder to cast, but a little more powerful. [potion of mutation]
 50581 | Crypt:1  | Gained mutation: Your tail ends in a poisonous barb. [potion of mutation]
 50581 | Crypt:1  | Gained mutation: You are partially covered in yellow scales. (AC +2) [potion of mutation]
 50581 | Crypt:1  | Gained mutation: You have a pair of small antennae on your head. [potion of mutation]
 51394 | Crypt:2  | Noticed Saint Roka
 51406 | Crypt:2  | Killed Saint Roka
 51589 | Crypt:2  | Reached skill level 15 in Armour
 52220 | Crypt:3  | Entered Level 3 of the Crypt
 52753 | Crypt:3  | Reached skill level 23 in Axes
 53024 | Crypt:3  | Found a staircase to the Tomb.
 53390 | Crypt:3  | Noticed Jory
 53405 | Crypt:3  | Killed Jory
 53413 | Crypt:3  | Reached skill level 15 in Shields
 53413 | Crypt:3  | Reached XP level 24. HP: 235/237 MP: 31/31
 53856 | Vaults:2 | Bought a faintly humming plate armour for 868 gold pieces
 53856 | Vaults:2 | Identified the +6 plate armour of Failure {rC- rN+ rCorr} (You bought it in a shop on level 2 of the Vaults)
 54108 | Vaults:5 | Entered Level 5 of the Vaults
 54174 | Vaults:5 | Paralysed by a floating eye for 4 turns
 54455 | Vaults:5 | Noticed Margery
 54471 | Vaults:5 | Killed Margery
 54577 | Vaults:5 | Gained mutation: Your body sometimes deteriorates upon taking damage. [a shining eye]
 54717 | Vaults:5 | Got a silver rune of Zot
 54852 | Vaults:5 | Identified the Catalogue of Darkness and Combat Magic
 54884 | Vaults:5 | Reached skill level 24 in Axes
 55122 | Vaults:5 | Reached XP level 25. HP: 211/247 MP: 31/31
 55598 | Vaults:5 | Found Mozeaj's Magic Scroll Boutique.
 55598 | Vaults:5 | Found Lawogh's Magic Scroll Emporium.
 55610 | Vaults:5 | Bought a scroll of enchant armour for 120 gold pieces
 55610 | Vaults:5 | Bought a scroll of enchant armour for 120 gold pieces
 55618 | Vaults:5 | Found Archisot's Food Shoppe.
 55619 | Vaults:5 | Bought a scroll of enchant weapon for 112 gold pieces
 55658 | Vaults:5 | Found Kaepeedo's Food Shop.
 56394 | Elf:2    | Bought the +18 shield of the Gong {rElec rN+ MR+ EV-5} for 3113 gold pieces
 56394 | Elf:2    | Bought 2 potions of heal wounds for 320 gold pieces
 56644 | Depths:1 | Entered Level 1 of the Depths
 56928 | Depths:1 | Found a hazy altar of Hepliaklqana.
 57017 | Depths:1 | Found a gateway to Hell.
 57365 | Depths:1 | Found a blossoming altar of Fedhas.
 57371 | Depths:1 | Found a deep blue altar of Sif Muna.
 57371 | Depths:1 | Found a shimmering altar of Xom.
 57373 | Depths:1 | Found an iron altar of Okawaru.
 57373 | Depths:1 | Found a snail-covered altar of Cheibriados.
 57373 | Depths:1 | Found a bloodstained altar of Trog.
 57926 | Depths:2 | Found a gateway to a ziggurat.
 58299 | Depths:2 | Found Lyonimuth's Jewellery Emporium.
 59157 | Slime:1  | Entered Level 1 of the Pits of Slime
 59249 | Slime:3  | Reached skill level 25 in Axes
 59267 | Slime:5  | Entered Level 5 of the Pits of Slime
 59284 | Slime:5  | Reached XP level 26. HP: 253/259 MP: 31/31
 59289 | Slime:5  | Noticed the Royal Jelly
 59308 | Slime:5  | Killed the Royal Jelly
 59421 | Slime:5  | Got a slimy rune of Zot
 59425 | Slime:5  | Identified Haaruenk's Papyrus of Displaced Confrontation
 59444 | Slime:5  | Identified the Compendium of Changing and the Snowflakes
 59954 | Orc:2    | Bought a potion of haste for 150 gold pieces
 59954 | Orc:2    | Bought a potion of mutation for 120 gold pieces
 59954 | Orc:2    | Bought a potion of mutation for 120 gold pieces
 59954 | Orc:2    | Bought a potion of haste for 150 gold pieces
 59954 | Orc:2    | Lost mutation: Your spells are a little harder to cast, but a little more powerful. [potion of mutation]
 59954 | Orc:2    | Lost mutation: You have a pair of small antennae on your head. [potion of mutation]
 59954 | Orc:2    | Gained mutation: You are partially covered in thin metallic scales. (AC +2) [potion of mutation]
 59954 | Orc:2    | Gained mutation: You have a pair of small horns on your head. [potion of mutation]
 59954 | Orc:2    | Gained mutation: Your magical capacity is low. (-10% MP) [potion of mutation]
 59954 | Orc:2    | Gained mutation: You evolve. [potion of mutation]
 60500 | Depths:3 | Found Cuuniorgh's Weapon Emporium.
 60569 | Depths:3 | Found a glowing golden altar of the Shining One.
 60608 | Depths:3 | Noticed a juggernaut
 60622 | Depths:3 | Killed a juggernaut
 60782 | Depths:3 | Found a one-way gate leading to the halls of Pandemonium.
 60865 | Depths:3 | Found a sparkling altar of Nemelex Xobeh.
 61426 | Depths:4 | Reached XP level 27. HP: 266/268 MP: 28/28
 61438 | Depths:4 | Paralysed by a floating eye for 2 turns
 61464 | Depths:4 | Reached skill level 26 in Axes
 61870 | Depths:4 | Found a one-way gate to the infinite horrors of the Abyss.
 61977 | Depths:4 | Got a steaming golden ring
 61984 | Depths:4 | Identified the Disquisition on Contamination and Evil Rituals
 62124 | Depths:4 | Found a runed door.
 62162 | Depths:4 | Identified the ring of Sorhuv {MR+ Stlth+} (You found it on level 4 of the Depths)
 62233 | Depths:4 | Noticed a juggernaut
 62243 | Depths:4 | Killed a juggernaut
 62484 | Depths:4 | Noticed a juggernaut
 62493 | Depths:4 | Killed a juggernaut
 62894 | Depths:4 | Paralysed by a floating eye for 3 turns
 62907 | Depths:4 | Paralysed by a floating eye for 3 turns
 62916 | Depths:4 | Paralysed by a floating eye for 3 turns
 63614 | Depths:5 | Entered Level 5 of the Depths
 63742 | Depths:5 | Reached skill level 27 in Axes
 63916 | Depths:5 | Found a gate to the Realm of Zot.
 63979 | Depths:5 | Found a sacrificial altar of Ru.
 63980 | Depths:5 | Found a glowing silver altar of Zin.
 63980 | Depths:5 | Found a blossoming altar of Fedhas.
 64038 | Depths:5 | Noticed a juggernaut
 64043 | Depths:5 | Killed a juggernaut
 64065 | Depths:5 | Noticed a juggernaut
 64075 | Depths:5 | Killed a juggernaut
 64394 | Depths:5 | Noticed a juggernaut
 64408 | Depths:5 | Killed a juggernaut
 64607 | Depths:5 | Noticed a juggernaut
 64620 | Depths:5 | Killed a juggernaut
 64869 | Zot:1    | Entered Level 1 of the Realm of Zot
 65141 | Zot:5    | Entered Level 5 of the Realm of Zot
 65272 | Zot:5    | Noticed an ancient lich
 65287 | Zot:5    | Killed an ancient lich
 65332 | Zot:5    | Noticed an ancient lich
 65340 | Zot:5    | Killed an ancient lich
 65353 | Zot:5    | Noticed an orb of fire
 65397 | Zot:5    | Noticed an orb of fire
 65398 | Zot:5    | Noticed an orb of fire
 65404 | Zot:5    | Noticed an orb of fire
 65408 | Zot:5    | Noticed an orb of fire
 65411 | Zot:5    | Killed an orb of fire
 65418 | Zot:5    | Killed an orb of fire
 65427 | Zot:5    | Gained mutation: You are weak. (Str -2) [an orb of fire]
 65431 | Zot:5    | Killed an orb of fire
 65433 | Zot:5    | Killed an orb of fire
 65435 | Zot:5    | Noticed an orb of fire
 65454 | Zot:5    | Killed an orb of fire
 65458 | Zot:5    | Noticed an orb of fire
 65471 | Zot:5    | Killed an orb of fire
 65477 | Zot:5    | Killed an orb of fire
 65564 | Zot:5    | Noticed an orb of fire
 65573 | Zot:5    | Killed an orb of fire
 65669 | Zot:5    | Got the Orb of Zot
 65737 | Zot:5    | Noticed Xatixzy the pandemonium lord
 65745 | Zot:5    | Killed Xatixzy the pandemonium lord
 65912 | Depths:5 | Noticed Effeb the pandemonium lord
 65926 | Depths:5 | Killed Effeb the pandemonium lord
 65956 | Depths:5 | Noticed Seramm the pandemonium lord
 65974 | Depths:5 | Cast into level 5 of the Abyss (Seramm)
 65974 | Abyss:5  | Entered Level 5 of the Abyss
 66170 | Depths:5 | Escaped the Abyss
 66179 | Depths:5 | Noticed Amoura the pandemonium lord
 66181 | Depths:5 | Killed Seramm the pandemonium lord
 66192 | Depths:5 | Killed Amoura the pandemonium lord
 66367 | Depths:1 | Noticed a seraph
 66381 | Depths:1 | Killed a seraph
 66529 | D:15     | Noticed Rutoodim the pandemonium lord
 66539 | D:15     | Killed Rutoodim the pandemonium lord
 66810 | D:5      | Noticed Ranyxa the pandemonium lord
 66824 | D:5      | Killed Ranyxa the pandemonium lord
 66847 | D:3      | Noticed Neehiug the pandemonium lord
 66855 | D:3      | Killed Neehiug the pandemonium lord
 66907 | D:$      | Escaped with the Orb!

Vault maps used:
D:1:      minmay_arrival_semitransparent, serial_corexii_hall,
          corexii_hall_statues_x, corexii_hall_statues_i, st_stairs_3
D:2:      lemuel_crystal_altar, okawaru_altar_gauntlet_db, marbit_many_paths,
          minmay_misc_feat_rows, bloody_trog
D:3:      lemuel_doored_altar, nicolae_overflow_crystal_walls,
          overflow_temple_1_default, minivault_14, minmay_cut_off
D:4:      gammafunk_temple_overflow_wave, kennysheep_mini, first_bread,
          uniq_menkaure, uniq_crazy_yiuf_cottage
D:5:      old_standard_altar
D:6:      nicolae_ashenzari_panopticon, lemuel_crystal_altar,
          minmay_temple_entry_enclosed_plants, grunt_ministairs_2, minivault_23
D:7:      serial_shops, nicolae_shop_crystal, cheibrodos_worm_habitat,
          uniq_joseph
D:9:      nemelex_xobeh_ov_fountains_minmay, erik_lair_island, serial_shops,
          shop, uniq_erica, uniq_erolcha
D:11:     serial_shops, shop, hangedman_pestilent_swarm, nrook_uturn
D:12:     orc_0_dummy, minmay_misc_feat_ornament, grunt_dithmenos_smoke
D:13:     portal_ice_cave_demonic_guard, uniq_maurice
D:14:     lightli_vaults_fourway_checkpoint, serial_park_paths, serial_shops,
          shop, patterned_corridor
D:15:     gammafunk_enter_depths_forms, lemuel_coloured_pillars_altar,
          serial_shops, bzr_firewalk, special_room
Temple:   jpeg_temple_island
Lair:1:   wad_woods_02
Lair:2:   minmay_shoals_entry_centaurs, gammafunk_lair_bear_cave,
          serial_bayou_shore_b, uniq_nergalle
Lair:4:   regret_index_bee_streams, nicolae_spider_entry_tight_spaces,
          minmay_another_anthill
Lair:5:   slime_dummy
Lair:6:   guppyfry_lair_end_dragon, hangedman_lair_caniforms_friends,
          special_room
Shoals:1: nicolae_shoals_cliffside_cave, uniq_josephine
Shoals:2: uniq_polyphemus
Shoals:4: shoals_end_grunt_ice, shoal_ilsuiw, uniq_louise
Spider:1: uniq_aizul, uniq_azrael
Spider:3: guppyfry_spider_mini_1, uniq_agnes
Spider:4: grunt_spider_rune_circles
Slime:1:  cheibrodos_slime_lost_civilization_2, nicolae_slime_barrier
Slime:2:  cheibrodos_slime_lost_civilization_3, basic_altar
Slime:3:  uniq_dissolution
Orc:1:    serial_shops, shop
Orc:2:    kennysheep_orc_mage_school, serial_shops, nicolae_shop_behind_doors
Elf:1:    eino_elf_arrival_shootout, kennysheep_underground_church
Elf:2:    serial_shops, nicolae_shop_temple_entry_statues_fountains,
          basic_altar, uniq_roxanne
Elf:3:    grunt_elf_hall_asides
Vaults:1: vaults_room_grunt_arrival_checkpoint, ontoclasm_vaults_misaligned,
          v_rooms_2, vaults_mumra_chevron_long,
          nicolae_vaults_mini_display_case, v_misc_2,
          nicolae_vaults_diagonal_hallway_6, vaults_room_fancy_cross,
          hangedman_vaults_cutoff, hangedman_vaults_stream,
          nicolae_vaults_back_hallway, vaults_room_stairs_pillars,
          nicolae_vaults_shelves_hall, v_alt_pattern_1
Vaults:2: dpeg_vaults_monster_row, v_misc_17, hangedman_vaults_trim,
          nicolae_vaults_big_angled_halls, v_misc_12,
          minmay_crypt_entry_simple_round, stair_cage_open, serial_ice_g,
          ontoclasm_vaults_twist, v_alt_pattern_4, v_misc_24,
          nicolae_vaults_alarming, ontoclasm_vaults_shout, basic_altar
Vaults:3: v_misc_11, ontoclasm_vaults_pinch, v_pattern_2,
          vaults_standard_mumra_enter_the_diamond, vaults_dpeg_diagonal,
          v_misc_23, hangedman_vaults_cutoff, ontoclasm_vaults_decontamination,
          vaults_room_pools, ontoclasm_vaults_eye, vaults_room_grid,
          serial_shops, shop
Vaults:4: v_misc_17, grunt_vaults_funnel, hangedman_vaults_maws,
          nicolae_vaults_puzzle_piece, v_pattern_1,
          ontoclasm_vaults_ring_square, vaults_dpeg_encased_lava,
          grunt_vaults_hallway_short, nicolae_vaults_ring_of_whatevers,
          vaults_dpeg_doors, serial_shops, shop
Vaults:5: serial_shops, uniq_margery
Crypt:1:  uniq_frederick
Crypt:2:  uniq_saint_roka
Crypt:3:  due_elkab, tomb_entry_shell_bobbens
Depths:1: hell_entry, serial_column_ruins, column_ruins_portal_squares,
          column_ruins_square_large, column_ruins_temple_hall,
          column_ruins_corridor_straight, column_ruins_open_tiny,
          column_ruins_columns_straight, kennysheep_nondescript,
          corexii_leaking_fountain, minmay_misc_feat_five, doesnt_xom_only_xom
Depths:2: kennysheep_bubble_arena, enter_ziggurat_d, nicolae_two_hexagons,
          grunt_hell_entry_dis_mu, serial_shops,
          nicolae_shop_competitors_out_of_business, kennysheep_generic_room_16,
          minmay_staircase_windowed_small
Depths:3: minmay_triangles_in_corner, old_standard_altar,
          hangedman_coc_ice_floe, rand_demon_pan_entry_1, serial_shops,
          nicolae_shop_window_shopping, tso_metal_star
Depths:4: minmay_the_grid_ultimate, hell_entry, abyss_entry, uniq_jory
Depths:5: hangedman_slaughterboxes, hell_entry, pan_entry
Zot:3:    cheibrodos_zot_enchanting_chambers, grunt_megastairs_2,
          basic_stair_grate_trap
Zot:4:    grunt_ministairs_14, stair_cage_line, guppyfry_library_mini
Abyss:5:  onia_ninara_dug_in_and_dangerous,
          evilmike_nicolae_abyss_rune_containment_curve, minivault_27
Bazaar:   bazaar_minmay_cross
IceCv:    ice_cave_tombish

Skill      XL: |  1  2  3  4  5  6  7  8  9 10 11 12 13 14 15 16 17 18 19 20 21 22 23 24 25 26 27 |
---------------+----------------------------------------------------------------------------------+-----
Stealth        | 3 4 5 7 8 10 | 10.3
Evocations     | 1 4 8 11 | 11.4
Fighting       | 3 4 6 7 9 10 11 12 13 14 15 16 17 18 19 20 24 | 24.3
Armour         | 2 3 4 5 6 8 9 10 11 12 13 14 15 16 17 21 | 21.1
Axes           | 1 2 3 6 9 11 13 14 16 17 18 19 20 21 22 23 24 25 27 | 27.0
Shields        | 3 4 6 7 8 9 10 11 12 13 14 15 16 20 | 20.8
Crossbows      | |  1.0
Spellcasting   | |  2.0
Translocations | |  1.0
Poison Magic   | |  2.6

Action                   |  1- 3 |  4- 6 |  7- 9 | 10-12 | 13-15 | 16-18 | 19-21 | 22-24 | 25-27 || total
-------------------------+-------+-------+-------+-------+-------+-------+-------+-------+-------++-------
Melee: Unarmed           |     5 |       |       |       |       |       |       |       |       ||     5
       Spear             |    18 |    13 |       |       |       |       |       |       |       ||    31
       Dagger            |    26 |    85 |       |       |       |       |       |       |       ||   111
       Mace              |       |       |   237 |   386 |       |       |       |       |       ||   623
       War axe           |       |       |       |   215 |   815 |       |       |       |       ||  1030
       Scimitar          |       |       |       |     7 |    15 |       |       |       |       ||    22
       Constrict         |       |       |       |       |   236 |   285 |   249 |   189 |   264 ||  1223
       Broad axe         |       |       |       |       |   216 |  1302 |  1293 |  1125 |  2236 ||  6172
       Tailslap          |       |       |       |       |       |       |       |   269 |   659 ||   928
       Headbutt          |       |       |       |       |       |       |       |       |   643 ||   643
Throw: Tomahawk          |     2 |     1 |    18 |    32 |    12 |       |       |       |       ||    65
       Throwing net      |       |       |       |       |       |       |       |       |     1 ||     1
 Cast: Magic Dart        |     5 |       |       |       |       |       |       |       |       ||     5
       Call Imp          |    14 |    46 |     6 |       |       |       |       |       |       ||    66
       Mephitic Cloud    |       |       |     1 |       |       |       |       |       |       ||     1
Invok: Call Merchant     |       |       |       |     1 |     1 |     5 |     3 |     1 |     1 ||    12
       Potion Petition   |       |       |       |       |     1 |       |       |     2 |    12 ||    15
 Abil: Spit Poison       |    46 |    62 |     8 |     2 |       |       |       |       |       ||   118
       Breathe Poison Ga |       |       |       |       |       |     8 |     1 |       |       ||     9
Evoke: Wand              |       |     1 |       |    35 |    27 |    33 |    15 |    22 |    10 ||   143
       Phantom mirror    |       |       |       |       |       |       |       |     1 |       ||     1
  Use: Potion            |     1 |       |     4 |     1 |     3 |     8 |     2 |    11 |    13 ||    43
       Scroll            |       |     4 |     7 |    14 |    18 |    31 |     6 |    21 |    31 ||   132
 Stab: Sleeping          |     1 |       |    14 |    11 |       |     2 |     2 |       |       ||    30
       Distracted        |       |       |     3 |     9 |    21 |    13 |    11 |    14 |    61 ||   132
       Confused          |       |       |     1 |       |       |       |       |       |       ||     1
       Paralysed         |       |       |       |    20 |    10 |    21 |       |       |       ||    51
       Betrayed ally     |       |       |       |     1 |       |       |       |       |       ||     1
       Petrified         |       |       |       |       |       |     2 |       |       |       ||     2
       Invisible         |       |       |       |       |       |       |       |     7 |     5 ||    12
  Eat: Chunk             |     6 |    17 |     6 |       |       |       |       |       |       ||    29
       Bread ration      |       |     1 |       |       |       |     3 |     3 |     6 |     5 ||    18
       Royal jelly       |       |       |     3 |     6 |    10 |    10 |     1 |     2 |     2 ||    34
       Meat ration       |       |       |     1 |       |       |       |       |       |     1 ||     2
       Fruit             |       |       |     4 |     8 |     9 |     5 |     5 |     2 |     3 ||    36
Armor: Robe              |    12 |    33 |       |       |       |       |       |       |       ||    45
       Skin              |     5 |       |     7 |       |       |       |       |       |       ||    12
       Scale mail        |       |       |   111 |   105 |       |       |       |       |       ||   216
       Ring mail         |       |       |       |   182 |       |       |       |       |       ||   182
       Plate armour      |       |       |       |    32 |   524 |   618 |   269 |    25 |       ||  1468
       Gold dragon scale |       |       |       |       |       |       |       |   284 |   681 ||   965
Dodge: Dodged            |    28 |    61 |    70 |    88 |    20 |    68 |    36 |    37 |    76 ||   484
Block: Large shield      |       |       |    33 |   536 |  1045 |  1546 |  1151 |   930 |  1066 ||  6307
       Reflection        |       |       |       |       |    17 |    98 |   151 |    25 |       ||   291
       Shield            |       |       |       |       |       |       |       |       |   852 ||   852
